 Dungeon Sprint DCSS version 0.30-a0-800-g7c544603b3 (webtiles) character file.

Game seed: 3735764730565460590

1100000 BigDaddyOpFi the Spry (level 13, -4/104 HPs)
             Began as a Djinni Warper on Feb 22, 2023.
             Was a Follower of Makhleb.
             Slain by a meat berserker
             ... wielding a +9 battleaxe
              (68 damage)
             ... in the Dungeon (Sprint VIII: "Arena of Blood").
             The game lasted 00:00:19 (11 turns).

BigDaddyOpFi the Spry (Djinni Warper)                 Turns: 11, Time: 00:00:19

Health: -4/104     AC:  4    Str: 10    XL:     13   Next: 12%
Gold:   0          EV: 21    Int: 15    God:    Makhleb [*.....] SH:  0 Dex: 18

rFire   + + .      SeeInvis .    h - +∞ Axe of Woe
rCold   x . .      Faith    .    (shield currently unavailable)
rNeg    . . .      Spirit   .    a - +0 leather armour
rPois   ∞          Reflect  .    (no helmet)
rElec   .          Harm     .    (no cloak)
rCorr   .          Rampage  .    (no gloves)
Will    +....      NoTele   +    (boots unavailable)
Stlth   +                        (no amulet)
HPRegen 0.37/turn                (no ring)
MPRegen 0.00/turn                (no ring)

@: flying
A: sickness immunity, fire resistance 2, cold vulnerability 1, float, innate
caster, HP casting, extra vitality 1
a: Renounce Religion


You were in the Dungeon.
You worshipped Makhleb.
Makhleb was aware of your devotion.
You visited 1 branch

Inventory:

Hand Weapons
 h - the +∞ Axe of Woe (weapon)
   (You found it in the Dungeon)
Missiles
 c - 7 boomerangs of dispersal (quivered)
Armour
 a - a +0 leather armour (worn)
Scrolls
 b - 2 scrolls of blinking
Potions
 d - a potion of curing
 e - a potion of heal wounds
 f - a potion of haste
 g - a potion of berserk rage


   Skills:
 + Level 13.9 Fighting
 + Level 11.5 Axes
 - Level 0.7 Throwing
 + Level 13.6 Armour
 + Level 15.0 Dodging
 - Level 2.0 Unarmed Combat
 + Level 10.9 Spellcasting
 + Level 13.7 Invocations


You knew the following spells:

 Your Spells              Type           Power      Damage    Failure   Level
a - Blink                 Tloc           80%        N/A       1%          2
b - Lesser Beckoning      Tloc           80%        N/A       1%          2
c - Vhi's Electric Charg  Tloc/Air       80%        N/A       1%          3
d - Teleport Other        Tloc           40%        N/A       1%          3
e - Manifold Assault      Tloc           40%        N/A       1%          4
f - Beastly Appendage     Tmut           80%        N/A       1%          1
g - Static Discharge      Conj/Air       80%        2-6/arc   1%          2
h - Gell's Gravitas       Tloc           40%        N/A       1%          3
i - Spider Form           Tmut/Pois      40%        N/A       1%          3
j - Airstrike             Air            20%        2d(3-19)  1%          4
k - Blade Hands           Tmut           20%        N/A       3%          5
Your spell library was empty.

Dungeon Overview and Level Annotations

Branches:
Dungeon (1/1)

Altars:
Makhleb


Innate Abilities, Weirdness & Mutations

You are immune to sickness and miasma.
You are immune to poison.
Your flesh is very heat resistant. (rF++)
You are vulnerable to cold. (rC-)
You float through the air rather than walking.
You learn spells naturally, not from books.
Your magical power is your life essence.
You have superior vitality. (+4 MHP)


Message History

A meat berserker comes into view. It is wielding a +9 battleaxe.
A bag of meat comes into view. It is wielding a +9 war axe.
You hear a shout!
The meat berserker hits you with a +9 battleaxe!!
You hear a shout! x3; The bag of meat shouts!
You hit the meat berserker.
You chop the meat berserker into pieces.
You kill the meat berserker!
Makhleb accepts your kill.
You can now gain health from killing.
You hear a shout! x7
A bag of meat comes into view. It is wielding a +9 war axe.
You hear a shout! x2
Your Fighting skill gained 2 levels and is now at level 13!
Your Axes skill gained 2 levels and is now at level 11!
Your Armour skill gained 3 levels and is now at level 13!
Your Dodging skill gained 3 levels and is now at level 15!
Your Spellcasting skill gained 2 levels and is now at level 10!
Your Invocations skill gained 3 levels and is now at level 13!
You have reached level 12!
You feel agile.
You have reached level 13!
The power to cast Blade Hands wells up from within.
Spell assigned to 'k'.
Unknown command.
Press < or > to pray at altars.
The bag of meat shouts!
You hit the meat berserker.
You fatally mangle the meat berserker.
You kill the meat berserker!
Makhleb accepts your kill.
You hit the bag of meat.
You butcher the bag of meat messily.
You kill the bag of meat!
Makhleb accepts your kill.
The meat berserker appears out of thin air!
A meat berserker comes into view. It is wielding a +9 battleaxe.
The meat berserker shouts!
You hear a shout! x5
A bag of meat comes into view. It is wielding a +9 war axe.
You hear a shout! x3
The meat berserker hits you with a +9 battleaxe!!!
Ouch! That really hurt!
You die...

.. ..... #.
...# #.. ...# O
.###.. ...###..
......###......
.....O_.....
#....O# #_.<)@#
#....)#
..o..._.....
......###......
.###.. ...###o.
#.. ..o# . #.
...# .. ...o.


You could see 2 meat berserkers and 3 bags of meat.

Vanquished Creatures
  2 ogres (D)
  2 orcs (D)
4 creatures vanquished.

Notes
Turn   | Place    | Note
-------+----------+-------------------------------------------
     0 | D        | Found the +∞ Axe of Woe
     0 | D        | BigDaddyOpFi the Djinni Warper began the quest for the Orb.
     0 | D        | BigDaddyOpFi set off with the following spells memorised:
                  | Blink, Lesser Beckoning, Vhi's Electric Charge, Teleport
                  | Other, Manifold Assault.
     0 | D        | Reached XP level 1. HP: 18/18 MP: 0/0
     2 | D        | Noticed a bag of meat
     2 | D        | Noticed a bag of meat
     2 | D        | Noticed a meat berserker
     4 | D        | Noticed a bag of meat
     4 | D        | Became a worshipper of Makhleb the Destroyer
     8 | D        | Killed a bag of meat
     9 | D        | Reached skill level 10 in Armour
     9 | D        | Reached skill level 12 in Dodging
     9 | D        | Reached skill level 10 in Invocations
     9 | D        | Reached XP level 2. HP: 37/37 MP: 0/0
     9 | D        | Reached XP level 3. HP: 42/42 MP: 0/0
     9 | D        | Learned a level 1 spell: Beastly Appendage
     9 | D        | Reached XP level 4. HP: 49/49 MP: 0/0
     9 | D        | Reached XP level 5. HP: 54/54 MP: 0/0
     9 | D        | Learned a level 2 spell: Static Discharge
     9 | D        | Reached XP level 6. HP: 59/59 MP: 0/0
     9 | D        | Reached XP level 7. HP: 65/65 MP: 0/0
     9 | D        | Learned a level 3 spell: Gell's Gravitas
     9 | D        | Reached XP level 8. HP: 71/71 MP: 0/0
     9 | D        | Reached XP level 9. HP: 76/76 MP: 0/0
     9 | D        | Learned a level 3 spell: Spider Form
     9 | D        | Reached XP level 10. HP: 83/83 MP: 0/0
     9 | D        | Reached XP level 11. HP: 87/87 MP: 0/0
     9 | D        | Learned a level 4 spell: Airstrike
     9 | D        | Noticed a meat berserker
     9 | D        | Noticed a meat berserker
     9 | D        | Noticed a bag of meat
    10 | D        | Killed a meat berserker
    10 | D        | Reached * piety under Makhleb
    10 | D        | Noticed a bag of meat
    11 | D        | Reached skill level 15 in Dodging
    11 | D        | Reached skill level 10 in Spellcasting
    11 | D        | Reached XP level 12. HP: 60/99 MP: 0/0
    11 | D        | Reached XP level 13. HP: 63/104 MP: 0/0
    11 | D        | Learned a level 5 spell: Blade Hands
    11 | D        | Killed a meat berserker
    11 | D        | Killed a bag of meat
    11 | D        | Noticed a meat berserker
    11 | D        | Noticed a bag of meat
    11 | D        | Slain by a meat berserker

Illustrated notes

Levels and vault maps discovered:
D:        meatsprint

Skill      XL: |  1  2  3  4  5  6  7  8  9 10 11 |
---------------+----------------------------------+-----
Fighting       | 11 13 | 13.9
Axes           | 9 11 | 11.5
Armour         | 10 13 | 13.6
Dodging        | 12 15 | 15.0
Spellcasting   | 8 10 | 10.9
Invocations    | 10 13 | 13.7
Throwing       | |  0.7
Unarmed Combat | |  2.0

Action                     |  1- 3 |  4- 6 |  7- 9 | 10-12 | 13-15 || total
---------------------------+-------+-------+-------+-------+-------++-------
  Melee: Executioner's axe |     1 |       |       |     1 |     1 ||     3

Table legend: (Time is in decaauts)
 A = Elapsed time spent in this place.
 B = Non-inter-level travel time spent in this place.
 C = Inter-level travel time spent in this place.
 D = Time resting spent in this place.
 E = Time spent auto-exploring this place.
 F = Levels seen in this place.
 G = Mean time per level.
                   A        B        C        D        E       F      G
               +--------+--------+--------+--------+--------+-----+--------+
         Total |     11 |     11 |      0 |      0 |      0 |   1 |   11.0 |
       Dungeon |     11 |     11 |      0 |      0 |      0 |   1 |   11.0 |
               +--------+--------+--------+--------+--------+-----+--------+

Top non-repeatable levels by time:
       D: 11 daAuts
